AoeStats
← TigerGecko

Yucatan

503677858Analyzed
4v4 RM · 1mo ago on Sep 1, 2026· 24m 47s· 8 players
Game mode
Random Map
Map size
Large (8 player)
Population
200
Speed
Normal
Resources
Standard
Victory
Conquest
Starting age
Dark Age
Ending age
Imperial Age
RankedLock teamsTeams togetherTeam positionsShared explorationLock speedFull tech treeHidden civsTurbo modeCheats
Victory
Defeat
🇲🇽 Hindustanis · Mexico
1604
+11
🇵🇪 Maya · Peru
1542
+13
🇪🇸 Saracens · Spain
1541
+13
🇩🇪 Persians · Germany
1503
+15
🇺🇸 Wei · United States
1551
-16
🇩🇪 Celts · Germany
1481
-13
🇩🇪 Cumans · Germany
1465
-12
🇺🇸 Hindustanis · United States
1441
-11
TigerGecko
8:49 Loom
12:02 Feudal Age
13:10 Fishing Lines
15:00 Double-Bit Axe
22:13 Horse Collar
22:26 Gold Mining
Sergeantmilan97
7:00 Loom
9:22 Feudal Age
13:46 Wheelbarrow
13:01 Double-Bit Axe
15:40 Town Watch
16:13 Gold Mining
17:22 Horse Collar
21:34 Castle Age
20:07 Scale Barding Armor
20:28 Stone Mining
21:15 Forging
AML4554
8:45 Loom
11:14 Feudal Age
15:45 Castle Age
13:52 Double-Bit Axe
14:37 Horse Collar
14:49 Gold Mining
15:13 Bloodlines
15:53 Scale Barding Armor
Rabe3000
7:37 Loom
9:56 Feudal Age
12:48 Wheelbarrow
18:54 Scale Barding Armor
19:00 Forging
21:49 Castle Age
21:46 Bloodlines
21:53 Light Cavalry
22:33 Husbandry
Ux'Dannyechauri
5:36 Loom
8:22 Feudal Age
9:00 Double-Bit Axe
14:19 Forging
15:44 Scale Barding Armor
20:01 Castle Age
18:06 Horse Collar
18:51 Bloodlines
19:32 Gold Mining
20:04 Light Cavalry
20:45 Husbandry
22:05 Chain Barding Armor
Ux'Olkan
3:32 Loom
9:48 Feudal Age
10:34 Double-Bit Axe
12:12 Horse Collar
14:48 Scale Barding Armor
14:54 Forging
16:58 Wheelbarrow
21:10 Castle Age
21:11 Gold Mining
21:52 Bloodlines
21:43 Husbandry
Ux'Tycho0201
5:49 Loom
8:35 Feudal Age
10:38 Fletching
16:23 Horse Collar
21:43 Castle Age
19:52 Double-Bit Axe
21:47 Crossbowman
22:25 Bodkin Arrow
22:56 Crossbowman
DYN_BenderGC
0:32 Loom
10:29 Feudal Age
12:50 Double-Bit Axe
18:50 Castle Age
16:54 Gold Mining
18:32 Fletching
20:06 Bodkin Arrow
19:32 Crossbowman
Connection lost

Rejoining the realm…

Still unreachable

The connection could not be restored.

Session expired

The server has moved on; the page needs a fresh start.